 Dungeon Crawl Stone Soup version 0.24-b1 (webtiles) character file.

Game seed: 14267549449190145179, levelgen mode: deterministic

56 Arixos the Charmwright (level 3, -2/18 HPs)
             Began as a Vine Stalker Skald on Oct 13, 2019.
             Slain by a gnoll
             ... wielding a +0 whip
              (6 damage)
             ... on level 2 of the Dungeon.
             The game lasted 00:05:59 (1219 turns).

Arixos the Charmwright (Vine Stalker Skald)         Turns: 1219, Time: 00:06:00

Health: -2/18      AC:  3    Str: 13    XL:     3   Next: 97%
Magic:  0/7        EV: 12    Int: 13    God:
Gold:   92         SH:  0    Dex: 14    Spells: 0/6 levels left

rFire    . . .     SeeInvis .   a - +0 falchion
rCold    . . .     Gourm    .   (no shield)
rNeg     . . .     Faith    .   b - +0 leather armour
rPois    .         Spirit   +   (no helmet)
rElec    .         Reflect  .   (no cloak)
rCorr    .         Harm     .   (no gloves)
MR       .....                  (no boots)
Stlth    ++........             (no amulet)
HPRegen  0.06/turn              (no ring)
MPRegen  0.10/turn              (no ring)

@: very slightly contaminated
A: fangs 2, magic shield, antimagic bite, no potion heal 3, rot immunity
a: no special abilities


You were on level 2 of the Dungeon.
You were hungry.

You visited 1 branch of the dungeon, and saw 2 of its levels.

You collected 92 gold pieces.

Inventory:

Hand Weapons
 a - a +0 falchion (weapon)
Missiles
 j - 5 poisoned darts (quivered)
Armour
 b - a +0 leather armour (worn)
Scrolls
 e - a scroll of fog {unknown}
 f - 2 scrolls of enchant armour {unknown}
 h - 2 scrolls of teleportation {unknown}
 i - a scroll of amnesia {unknown}
 l - a scroll of identify {unknown}
 m - a scroll of magic mapping {unknown}
Potions
 c - 2 potions of curing {unknown}
 g - a potion of might {unknown}
 k - a potion of flight {unknown}
Comestibles
 d - a ration
 n - 2 chunks of flesh


   Skills:
 + Level 2.0 Fighting
 + Level 2.2 Long Blades
 + Level 1.2 Armour
 + Level 1.9 Dodging
 + Level 1.2 Stealth
 + Level 2.4 Spellcasting
 + Level 3.2 Charms
 + Level 0.4 Necromancy
 + Level 0.4 Translocations


You couldn't memorise any spells.
You knew the following spells:

 Your Spells              Type           Power        Failure   Level  Hunger
a - Infusion              Chrm           #...         9%          1    #......
r - Regeneration          Chrm/Necr      #.........   41%         3    ###....
s - Shroud of Golubria    Chrm/Tloc      #.....       22%         2    ###....

Your spell library contained the following spells:

 Spells                   Type           Power        Failure   Level  Hunger
 Song of Slaying          Chrm           #.......     12%         2    ###....
 Spectral Weapon          Hex/Chrm       #.......     43%         3    ###....


Dungeon Overview and Level Annotations

Branches:
Dungeon (2/15)

Altars:

Annotations:
D:2 Sigmund


Innate Abilities, Weirdness & Mutations

You have extremely sharp teeth.
When hurt, damage is shared between your health and your magic reserves.
Your bite disrupts and absorbs the magic of your enemies.
Potions cannot restore your health.
You are immune to rotting.


Message History

Casting: Shroud of Golubria (safe; 22% risk of failure)
Confirm with . or Enter, or press ? or * to list all spells.
You don't have enough magic to cast that spell.
You hit the gnoll.
You kill the gnoll!
You hit the gnoll. You bite the gnoll, but do no damage.
The gnoll is heavily wounded.
The gnoll hits you with a +0 whip.
* * * LOW HITPOINT WARNING * * *
You hit the gnoll but do no damage.
The gnoll is heavily wounded.
The gnoll misses you.
You hit the gnoll. Your bite misses the gnoll.
The gnoll is severely wounded.
The gnoll hits you but does no damage.
You hit the gnoll.
The gnoll is almost dead.
Your shroud begins to fray at the edges.
The gnoll hits you with a +0 whip!
You die...

(.....# #.....#
#.....# #.....#
#.....# #.....#
##.#.## #.....#
###.# ##.####
## #.# #.#
##.######
..#####....@gl#
#.
#.(......####.#
.. .#####.## .#
#. #.# .. #.#
.#. #^# .#..
...# #.. .. g.
#...# ### lr
g.. #...#


You could see a gnoll and a frilled lizard.

Vanquished Creatures
  2 gnolls (D:2)
  A worm (D:2)
  3 leopard geckos
  A giant cockroach (D:1)
  2 goblins (D:1)
  4 hobgoblins
  3 kobolds
  3 quokkas (D:2)
  4 bats
  3 frilled lizards
  3 rats
29 creatures vanquished.

Notes
Turn   | Place    | Note
-------+----------+-------------------------------------------
     0 | D:1      | Arixos the Vine Stalker Skald began the quest for the Orb.
     0 | D:1      | Reached XP level 1. HP: 11/11 MP: 4/4
   156 | D:1      | Reached XP level 2. HP: 13/15 MP: 4/6
   185 | D:1      | Learned a level 2 spell: Shroud of Golubria
   270 | D:1      | Reached skill level 1 in Armour
   649 | D:2      | Reached XP level 3. HP: 18/18 MP: 7/7
   679 | D:2      | Noticed Sigmund
   933 | D:1      | Learned a level 3 spell: Regeneration
   988 | D:2      | Reached skill level 1 in Stealth
  1219 | D:2      | Slain by a gnoll

Skill      XL: |  1  2  3 |
---------------+----------+-----
Armour         | 1 |  1.2
Long Blades    | 2 |  2.2
Fighting       | 2 |  2.0
Stealth        | 1 |  1.2
Dodging        | |  1.9
Spellcasting   | |  2.4
Charms         | |  3.2
Necromancy     | |  0.4
Translocations | |  0.4

Action                   || total
-------------------------++-------
Melee: Falchion          ||    78
       Bite              ||    23
 Cast: Shroud of Golubri ||     6
 Stab: Sleeping          ||     1
  Eat: Chunk             ||     1
Armor: Leather armour    ||    21
Dodge: Dodged            ||    62
       Rpst.: Falchion   ||    19
